 Dungeon Crawl Stone Soup version 0.24.0-1-gfbc8707122 (webtiles) character file.

Game seed: 13251560670888761715, levelgen mode: deterministic

74 Aviak the Insei (level 4, -6/29 HPs)
             Began as an Octopode Transmuter on Oct 27, 2019.
             Killed from afar by an orc wizard (10 damage)
             ... with a magic dart
             ... on level 3 of the Dungeon.
             The game lasted 00:02:31 (2327 turns).

Aviak the Insei (Octopode Transmuter)               Turns: 2327, Time: 00:02:32

Health: -6/29      AC:  2    Str:  9    XL:     4   Next: 28%
Magic:  4/7        EV: 20    Int: 15    God:
Gold:   67         SH:  0    Dex: 18    Spells: 2/8 levels left

rFire    . . .     SeeInvis .     - Unarmed
rCold    . . .     Gourm    .   (shield currently unavailable)
rNeg     . . .     Faith    .   (helmet currently unavailable)
rPois    x         Spirit   .   (no amulet)
rElec    .         Reflect  .   (no ring)
rCorr    .         Harm     .   (no ring)
MR       .....                  (no ring)
Stlth    +.........             (no ring)
HPRegen  0.09/turn              (no ring)
MPRegen  0.10/turn              (no ring)
                                (no ring)
                                (no ring)

@: confused, spider-form (expiring)
A: tiny, almost no armour, stealthy swim, (amphibious), 8 rings, (constrict 8)
a: End Transformation


You were on level 3 of the Dungeon.
You were not hungry.
You were a venomous arachnid creature.
You visited 1 branch of the dungeon, and saw 3 of its levels.

You collected 67 gold pieces.

Inventory:

Missiles
 a - 68 arrows
Wands
 i - a wand of paralysis (6)
Scrolls
 e - 3 scrolls of identify {unknown}
 f - a scroll of enchant armour {unknown}
 h - 2 scrolls of teleportation {unknown}
 j - 2 scrolls of enchant weapon {unknown}
 k - a scroll of remove curse {unknown}
Potions
 d - a potion of heal wounds {unknown}
 g - a potion of flight {unknown}
Comestibles
 b - 2 rations


   Skills:
 + Level 2.1 Fighting
 - Level 2.0 Dodging
 + Level 3.5 Unarmed Combat
 + Level 2.5 Spellcasting
 + Level 2.7 Transmutations
 + Level 1.0 Poison Magic


You had 2 spell levels left.
You knew the following spells:

 Your Spells              Type           Power        Failure   Level  Hunger
a - Beastly Appendage     Tmut           ##....       19%         1    #......
b - Sticks to Snakes      Tmut           ##......     26%         2    ###....
c - Spider Form           Tmut/Pois      #.........   50%         3    ###....

Your spell library contained the following spells:

 Spells                   Type           Power        Failure   Level  Hunger
 Ice Form                 Ice/Tmut       #.......     90%         4    #####..
 Blade Hands              Tmut           ##........   96%         5    ######.


Dungeon Overview and Level Annotations

Branches:
Dungeon (3/15)

Altars:
Fedhas
Yredelemnul


Innate Abilities, Weirdness & Mutations

You cannot wear most types of armour.
You are very stealthy in the water. (Stealth+)
((You are amphibious.))
You can wear up to eight rings at the same time.
((You can use your tentacles to constrict eight enemies at once.))
((Your skin changes colour to match your surroundings (Stealth+).))
((Your rubbery body absorbs attacks. (AC +1, EV +1)))


Message History

The orc is lightly wounded.
You hear some strange, mumbled words.
A magic dart appears from out of thin air!
The magic dart hits you!
* * * LOW HITPOINT WARNING * * *
You bite the orc!
You kill the orc!
You hear some strange, mumbled words.
You are confused.
Unknown command.
You hit the orc but do no damage.
Your transformation is almost over.
The orc completely misses you. Something hits you.
* * * LOW HITPOINT WARNING * * *
You hit the orc.
The orc is heavily wounded.
You hear some strange, mumbled words.
A magic dart appears from out of thin air!
The magic dart hits you!
You die...

..
+.....)...'..........
#.........####...#.##
##.......## ##.##.#
##.....## ####.# ##
##...## #.# #.# ##'##
#.# #.###รท#
##.##.###...
#..os........
#)###...##.... ##
.....# .. ##...##
##.## ###


You could see an orc.

Vanquished Creatures
  An adder (D:3)
  An ooze (D:2)
  2 worms (D:2)
  2 dart slugs (D:1)
  4 leopard geckos
  2 orcs (D:3)
  A ball python (D:2)
  2 giant cockroaches
  A gnoll zombie (D:2)
  7 goblins
  4 hobgoblins
  4 bats
  A frilled lizard (D:2)
  5 kobolds
  8 rats
45 creatures vanquished.

Vanquished Creatures (collateral kills)
  A gnoll zombie (D:2)
1 creature vanquished.

Grand Total: 46 creatures vanquished

Notes
Turn   | Place    | Note
-------+----------+-------------------------------------------
     0 | D:1      | Aviak the Octopode Transmuter began the quest for the Orb.
     0 | D:1      | Reached XP level 1. HP: 13/13 MP: 3/3
   284 | D:1      | Reached XP level 2. HP: 8/18 MP: 3/5
   290 | D:1      | Learned a level 2 spell: Sticks to Snakes
   925 | D:1      | Reached XP level 3. HP: 23/23 MP: 6/6
   930 | D:1      | Learned a level 3 spell: Spider Form
  1784 | D:2      | Reached XP level 4. HP: 29/29 MP: 7/7
  1798 | D:2      | Found a basalt altar of Yredelemnul.
  2147 | D:2      | Found a blossoming altar of Fedhas.
  2294 | D:3      | Reached skill level 1 in Poison Magic
  2327 | D:3      | Killed from afar by an orc wizard

Levels and vault maps discovered:
D:1:      lordsloth_arrival_two_stooges, layout_basic, minmay_misc_feat_hallway,
          serial_park_tiny_1
D:2:      layout_rooms, lemuel_crystal_altar, lemuel_zombie_altar_yredelemnul
D:3:      layout_loops_corners, makhleb_altar_promises_db, lemuel_crystal_altar,
          fountainhead, uniq_natasha, uniq_jessica

Skill      XL: |  1  2  3  4 |
---------------+-------------+-----
Fighting       | 2 |  2.1
Poison Magic   | 1 |  1.0
Dodging        | |  2.0
Unarmed Combat | |  3.5
Spellcasting   | |  2.5
Transmutations | |  2.7

Action                   |  1- 3 |  4- 6 || total
-------------------------+-------+-------++-------
Melee: Unarmed           |    78 |    28 ||   106
       Constrict         |    25 |     5 ||    30
       Kick              |    15 |     3 ||    18
       Tentacles         |     6 |     3 ||     9
       Punch             |     5 |     1 ||     6
 Cast: Beastly Appendage |    12 |     2 ||    14
       Sticks to Snakes  |       |     2 ||     2
       Spider Form       |       |     1 ||     1
  Use: Potion            |       |     2 ||     2
 Stab: Sleeping          |     5 |     1 ||     6
  Eat: Chunk             |     3 |     2 ||     5
Armor: Skin              |    11 |       ||    11
Dodge: Dodged            |    62 |     9 ||    71
